 Dungeon Crawl Stone Soup version 0.30-a0-782-ge64f9170bb (webtiles) character file.

Game seed: 17472302074022577623

12 jasper the Magician (level 2, 0/19 HPs)
             Began as a Demonspawn Hedge Wizard on Feb 18, 2023.
             Slain by a hobgoblin (2 damage)
             ... on level 1 of the Dungeon.
             The game lasted 00:02:18 (376 turns).

jasper the Magician (Demonspawn Hedge Wizard)        Turns: 376, Time: 00:02:18

Health: 0/19       AC:  2    Str: 10    XL:     2   Next: 20%
Magic:  4/6        EV: 12    Int: 21    God:
Gold:   19         SH:  0    Dex: 12    Spells: 4/8 levels left

rFire   . . .      SeeInvis .    g - +0 short sword
rCold   . . .      Faith    .    (no shield)
rNeg    . . .      Spirit   .    b - +0 robe
rPois   .          Reflect  .    c - +0 hat
rElec   .          Harm     .    (no cloak)
rCorr   .          Rampage  .    (no gloves)
Will    .....                    (no boots)
Stlth   ++                       (no amulet)
HPRegen 0.23/turn                i - +6 ring of intelligence
MPRegen 0.10/turn                (no ring)

@: no status effects
A: hooves 1
a: no special abilities


You were on level 1 of the Dungeon.
You visited 1 branch of the dungeon, and saw 1 of its levels.

You collected 19 gold pieces.

Inventory:

Hand Weapons
 a - a +0 dagger
 g - a +0 short sword (weapon)
Missiles
 h - 13 stones
Armour
 b - a +0 robe (worn)
 c - a +0 hat (worn)
Jewellery
 i - a +6 ring of intelligence (left hand)
Scrolls
 e - a scroll of identify {unknown}
 f - a scroll of magic mapping {unknown}


   Skills:
 - Level 1.7 Dodging
 - Level 1.7 Stealth
 + Level 3.6 Spellcasting
 - Level 1.0 Conjurations
 - Level 1.0 Summonings
 - Level 0.8 Translocations


You had 4 spell levels left.
You knew the following spells:

 Your Spells              Type           Power      Damage    Failure   Level
a - Magic Dart            Conj           32%        1d4       9%          1
b - Slow                  Hex            12%        N/A       13%         1
c - Call Imp              Summ           8%         N/A       13%         2

Your spell library contained the following spells:

 Spells                   Type           Power      Damage    Failure   Level
 Blink                    Tloc           14%        N/A       13%         2
 Cigotuvi's Dreadful Rot  Necr/Pois/Air  6%         N/A       19%         2
 Mephitic Cloud           Conj/Pois/Air  5%         N/A       32%         3


Dungeon Overview and Level Annotations

Branches:
Dungeon (1/15)

Altars:

Shops:
D:1 =


Innate Abilities, Weirdness & Mutations

You have large cloven feet.


Message History

Aiming: Magic Dart (safe; 9% risk of failure)
Press: ? - help, Q - select action, (/) - cycle Shift-Dir - straight line, f/p - hobgoblin
Aim: a hobgoblin (100% to hit)
The magic dart hits the hobgoblin but does no damage.
The hobgoblin hits you.
You take 1 damage, and have 15/19 hp.
You now have 0/6 mp.
You hit the hobgoblin but do no damage. The hobgoblin hits you.
You take 2 damage, and have 13/19 hp.
You barely miss the hobgoblin. The hobgoblin closely misses you.
Aiming: Magic Dart (safe; 9% risk of failure)
Press: ? - help, Q - select action, (/) - cycle Shift-Dir - straight line, f/p - hobgoblin
Aim: a hobgoblin (100% to hit)
The magic dart hits the hobgoblin.
The hobgoblin is lightly wounded.
The hobgoblin hits you.
You take 3 damage, and have 10/19 hp.
You now have 0/6 mp.
You closely miss the hobgoblin.
The hobgoblin is lightly wounded.
The hobgoblin closely misses you.
You closely miss the hobgoblin.
The hobgoblin is lightly wounded.
The hobgoblin hits you.
You take 2 damage, and have 8/19 hp.
You closely miss the hobgoblin.
The hobgoblin is lightly wounded.
The hobgoblin hits you.
* * * LOW HITPOINT WARNING * * *
You take 5 damage, and have 3/19 hp.
MASSIVE DAMAGE!!
Magic courses through your body. The hobgoblin misses you.
MP restored: 6
Casting: Magic Dart (safe; 9% risk of failure)
Confirm with . or Enter, or press ? or * to list all spells.
A beastly little devil appears in a puff of flame.
The hobgoblin hits you.
* * * LOW HITPOINT WARNING * * *
You take 2 damage, and have 1/19 hp.
You now have 4/6 mp.
Your crimson imp hits the hobgoblin but does no damage.
Your crimson imp hits the hobgoblin.
The hobgoblin attacks as you move away! The hobgoblin hits you.
You die...

#.....# #.#...#
##..#.### #.'.<.#
#..#...### #.#...#
#..###...# #.##.##
#....###.# #####.##.#
#. #..##K# #.....##.#
#..5.####.#####...
###>g#.÷..##..#.⌠.
#####..@)#####..#...#
........#### #..##.
.#####.....# #..#
###...# #..#
##..###..# #...##..#
#.#.##..#
#...##..#####
###...##....####


You could see a hobgoblin (ally target), a kobold and a friendly crimson imp
(summoned).

Vanquished Creatures
  An endoplasm (D:1)
  5 hobgoblins (D:1)
  A kobold (D:1)
  A quokka (D:1)
  A ball python (D:1)
  A bat (D:1)
10 creatures vanquished.

Notes
Turn   | Place    | Note
-------+----------+-------------------------------------------
     0 | D:1      | jasper the Demonspawn Hedge Wizard began the quest for the
                  | Orb.
     0 | D:1      | Reached XP level 1. HP: 13/13 MP: 4/4
   182 | D:1      | Found Ywkoafun's Jewellery Boutique.
   203 | D:1      | Gained mutation: You have large cloven feet. [demonic
                  | ancestry]
   203 | D:1      | Reached XP level 2. HP: 19/19 MP: 0/6
   282 | D:1      | Learned a level 1 spell: Slow
   285 | D:1      | Learned a level 2 spell: Call Imp
   376 | D:1      | Slain by a hobgoblin

Illustrated notes

Levels and vault maps discovered:
D:1:      minmay_arrival_nine_rooms, layout_rooms, serial_shops, shop

Action                     || total
---------------------------++-------
  Melee: Short sword       ||    15
   Cast: Magic Dart        ||    28
         Call Imp          ||     1
    Use: Potion            ||     1
 Armour: Robe              ||     6
  Dodge: Dodged            ||    18

Table legend: (Time is in decaauts)
 A = Elapsed time spent in this place.
 B = Non-inter-level travel time spent in this place.
 C = Inter-level travel time spent in this place.
 D = Time resting spent in this place.
 E = Time spent auto-exploring this place.
 F = Levels seen in this place.
 G = Mean time per level.
                   A        B        C        D        E       F      G
               +--------+--------+--------+--------+--------+-----+--------+
         Total |    375 |    375 |      0 |     67 |    185 |   1 |  375.0 |
       Dungeon |    375 |    375 |      0 |     67 |    185 |   1 |  375.0 |
               +--------+--------+--------+--------+--------+-----+--------+

Top non-repeatable levels by time:
     D:1: 375 daAuts
